 Dungeon Crawl Stone Soup version 0.24-a0-11-g46ee55f (webtiles) character file.

Game seed: 18236575426113192288

962 Firecrotchwizard the Conjurer (level 7, -7/36 HPs)
             Began as a Deep Elf Fire Elementalist on Jan 31, 2019.
             Mangled by a gnoll
             ... wielding a +0 spear
              (9 damage)
             ... on level 5 of the Dungeon.
             The game lasted 00:12:17 (5600 turns).

Firecrotchwizard the Conjurer (DEFE)                Turns: 5600, Time: 00:12:18

Health: -7/36      AC:  8    Str:  5    XL:     7   Next: 92%
Magic:  15/18      EV: 13    Int: 20    God:
Gold:   201        SH:  5    Dex: 15    Spells: 11/19 levels left

rFire    . . .     SeeInvis .   n - +0 war axe (curse)
rCold    . . .     Gourm    .   (no shield)
rNeg     . . .     Faith    .   a - +0 robe
rPois    .         Spirit   .   x - +0 helmet
rElec    .         Reflect  +   o - +1 cloak
rCorr    .         Harm     .   h - +2 pair of gloves
MR       +....                  (no boots)
Stlth    ++........             m - +5 amulet of reflection
HPRegen  0.12/turn              j - -2 ring of intelligence (curse)
MPRegen  0.16/turn              l - ring of protection from magic {MR+, !d}

@: no status effects
A: no striking features
a: no special abilities


You were on level 5 of the Dungeon.
You were not hungry.

You visited 1 branch of the dungeon, and saw 5 of its levels.

You collected 201 gold pieces.

Inventory:

Hand Weapons
 d - a +1 short sword of draining
   (You took it off a kobold on level 1 of the Dungeon)
 e - a +0 dagger
   (You took it off a goblin on level 1 of the Dungeon)
 n - a cursed +0 war axe (weapon)
   (You found it on level 2 of the Dungeon)
Armour
 a - a +0 robe (worn)
 h - a +2 pair of gloves (worn)
   (You found it on level 2 of the Dungeon)
 o - a +1 cloak (worn)
   (You found it on level 3 of the Dungeon)
 x - a +0 helmet (worn)
   (You found it on level 4 of the Dungeon)
Jewellery
 g - an uncursed ring of ice {rC+, rF-}
   (You found it on level 1 of the Dungeon)
 j - a cursed -2 ring of intelligence (left hand)
   (You found it on level 4 of the Dungeon)
 l - a ring of protection from magic (right hand) {MR+, !d}
   (You found it on level 4 of the Dungeon)
 m - a +5 amulet of reflection (around neck)
   (You found it on level 2 of the Dungeon)
Scrolls
 b - 3 scrolls of fear
 f - 3 scrolls of identify
Potions
 i - a potion of resistance {unknown}
 p - 3 potions of curing {unknown}
 s - 3 potions of degeneration {unknown}
 t - 2 potions of might {unknown}
 u - 2 potions of brilliance {unknown}
 v - 2 potions of flight {unknown}
 w - a potion of mutation {unknown}
Comestibles
 c - 8 rations
 k - 2 chunks of flesh {@w0}


   Skills:
 - Level 2.4 Dodging
 - Level 2.4 Stealth
 + Level 6.6 Spellcasting
 * Level 7.1 Conjurations
 + Level 5.9 Fire Magic


You had 11 spell levels left.
You knew the following spells:

 Your Spells              Type           Power        Failure   Level  Hunger
a - Flame Tongue          Conj/Fire      ####.        1%          1    None
c - Conjure Flame         Conj/Fire      ####....     1%          3    #......
s - Sticky Flame          Conj/Fire      ####....     7%          4    ###....

Your spell library contained the following spells:

 Spells                   Type           Power        Failure   Level  Hunger
 Throw Flame              Conj/Fire      ####..       1%          2    None
 Inner Flame              Hex/Fire       ###.....     9%          3    #......
 Fireball                 Conj/Fire      ####......   19%         5    #####..


Dungeon Overview and Level Annotations

Branches:
Dungeon (5/15)
 Temple: D:4-7

Altars:
Dithmenos
Wu Jian


Message History

You butcher the adder corpse.
k - a chunk of flesh {@w0} You see here an adder skeleton.
You see here a +0 spear.
You butcher the giant cockroach corpse.
k - 2 chunks of flesh {@w0} (gained 1)
A crimson imp comes into view.
A crimson imp is nearby!
There isn't anything here!
There are no items here.
You barely miss the crimson imp.
The crimson imp shouts!
You hear a shout!
You block the crimson imp's attack.
You hear a shout!
You hit the crimson imp. The crimson imp misses you. x2
You miss the crimson imp. You block the crimson imp's attack.
You miss the crimson imp. The crimson imp hits you.
The crimson imp barely misses you.
You take 1 damage, and have 30/36 hp.
You barely miss the crimson imp.
The crimson imp hits you but does no damage.
You barely miss the crimson imp. You block the crimson imp's attack.
The crimson imp hits you.
You take 3 damage, and have 27/36 hp.
You hit the crimson imp. The crimson imp hits you.
You take 2 damage, and have 25/36 hp.
You hit the crimson imp but do no damage.
The crimson imp hits you but does no damage.
The crimson imp hits you.
You take 2 damage, and have 23/36 hp.
You barely miss the crimson imp. The crimson imp closely misses you.
You hit the crimson imp. The crimson imp barely misses you.
The crimson imp hits you.
You take 1 damage, and have 22/36 hp.
You closely miss the crimson imp. The crimson imp barely misses you.
You barely miss the crimson imp.
An orc comes into view. It is wielding a -1 hand axe.
The crimson imp closely misses you.
The orc throws a stone.
The stone barely misses you. You block the crimson imp's attack.
You barely miss the crimson imp.
The orc throws a stone.
The stone closely misses you.
The crimson imp hits you but does no damage.
You barely miss the crimson imp.
The orc throws a stone.
The stone hits you but does no damage. The crimson imp barely misses you.
The orc throws a stone.
The stone misses you.
The crimson imp hits you but does no damage.
You hit the crimson imp.
A gnoll shaman comes into view. It is wielding a +0 club.
The orc throws a stone.
The stone barely misses you.
The crimson imp hits you but does no damage.
MP restored: 18 You hit the crimson imp but do no damage.
The orc throws a stone.
The stone closely misses you. The crimson imp barely misses you.
The crimson imp sputters.
You block the crimson imp's attack.
A gnoll comes into view. It is wielding a +0 spear.
You barely miss the crimson imp.
The orc throws a stone.
The stone misses you. The crimson imp barely misses you.
The crimson imp disappears for a moment.
The crimson imp blinks!
You see here a +0 spear.
A gnoll comes into view. It is wielding a +0 spear.
You see here an adder skeleton.
The gnoll shouts!
You hit the gnoll shaman but do no damage.
The gnoll shaman mumbles some strange prayers to its god against you.
You resist with almost no effort.
You hit the gnoll shaman. The gnoll shaman barely misses you.
The gnoll shaman misses you.
Aim: a gnoll shaman, wielding a +0 club and wearing a +0 leather armour (moderately wounded)
The sticky flame hits the gnoll shaman.
The gnoll shaman is covered in liquid flames!
The gnoll shaman burns!
The gnoll closely misses you. The gnoll shaman closely misses you.
The crimson imp blinks!
You now have 14/18 mp.
You hit the gnoll shaman but do no damage.
The gnoll shaman burns!
You kill the gnoll shaman!
A bullfrog skeleton comes into view.
You block the gnoll's attack. The gnoll hits you with a +0 spear!
The gnoll hits you with a +0 spear.
Items here: $ ) [ รท a +0 club; a +0 leather armour; 15 gold pieces; an adder skeleton You take 9 damage, and have 16/36 hp.
MASSIVE DAMAGE!!
You hit the gnoll. You barely miss the gnoll. The gnoll completely misses you.
The gnoll hits you with a +0 spear. The gnoll closely misses you. x2
You take 2 damage, and have 14/36 hp.
You barely miss the gnoll. You closely miss the gnoll.
You miss the crimson imp. The gnoll closely misses you. x2
The crimson imp closely misses you.
You barely miss the gnoll. You hit the gnoll. You hit the crimson imp.
The gnoll hits you with a +0 spear!
* * * LOW HITPOINT WARNING * * *
The gnoll hits you with a +0 spear.
* * * LOW HITPOINT WARNING * * *
The crimson imp hits you but does no damage.
The gnoll hits you with a +0 spear!
You die...

#o#[.[. ..#.
.....# ....
#######.#.# .#...
#.....#...###.(...
#..../##..........
#.....##.(.#.#....
#.....##Z..(...#
#.....##g....###
#......@go...#
#.....##5....#
#.....##.....#
#!....########
#.....# ##..###
.... #.### ..


You could see 2 gnolls, a crimson imp, an orc and a bullfrog skeleton.

Vanquished Creatures
  Pikel (D:4)
  4 slaves
  A phantom (D:4)
  2 scorpions (D:4)
  An orc priest (D:3)
  A hound (D:4)
  A gnoll shaman (D:5)
  2 worker ants
  5 adders
  A gnoll (D:5)
  A shadow imp (D:4)
  5 worms
  15 dart slugs
  3 leopard geckos
  4 orcs (D:3)
  2 ball pythons
  7 giant cockroaches
  7 goblins
  6 hobgoblins
  7 jackals (D:1)
  A quokka (D:4)
  7 bats
  6 frilled lizards
  9 kobolds
  10 rats
109 creatures vanquished.

Notes
Turn   | Place    | Note
-------+----------+-------------------------------------------
     0 | D:1      | Firecrotchwizard the Deep Elf Fire Elementalist began the
                  | quest for the Orb.
     0 | D:1      | Reached XP level 1. HP: 10/10 MP: 6/6
   256 | D:1      | Reached XP level 2. HP: 9/15 MP: 5/8
   642 | D:1      | Reached skill level 2 in Conjurations
  1358 | D:1      | Reached XP level 3. HP: 15/19 MP: 7/10
  1524 | D:1      | Learned a level 3 spell: Conjure Flame
  1748 | D:2      | Found an ornate altar of the Wu Jian Council.
  2047 | D:2      | Reached skill level 3 in Conjurations
  2543 | D:2      | Reached XP level 4. HP: 12/24 MP: 7/11
  2855 | D:2      | Reached skill level 4 in Spellcasting
  2855 | D:2      | Reached skill level 4 in Fire Magic
  2915 | D:2      | Found a faded altar of an unknown god.
  3169 | D:3      | Learned a level 4 spell: Sticky Flame
  3261 | D:3      | Found a shadowy altar of Dithmenos.
  3388 | D:3      | Reached skill level 4 in Conjurations
  3388 | D:3      | Reached XP level 5. HP: 28/28 MP: 10/13
  4449 | D:4      | Reached XP level 6. HP: 29/32 MP: 15/15
  4467 | D:4      | Reached skill level 5 in Spellcasting
  4497 | D:4      | Noticed a slave
  4542 | D:4      | Reached skill level 5 in Conjurations
  4552 | D:3      | Killed a slave
  4795 | D:4      | Noticed a slave
  4795 | D:4      | Noticed a slave
  4799 | D:4      | Noticed a slave
  4803 | D:4      | Killed a slave
  4815 | D:4      | Killed a slave
  4826 | D:4      | Killed a slave
  4859 | D:4      | Noticed Pikel
  4874 | D:4      | Killed Pikel
  4874 | D:4      | Reached skill level 6 in Spellcasting
  4874 | D:4      | Reached skill level 6 in Conjurations
  4874 | D:4      | Reached skill level 5 in Fire Magic
  4874 | D:4      | Reached XP level 7. HP: 22/36 MP: 5/18
  5288 | D:5      | Entered Level 5 of the Dungeon
  5557 | D:5      | Reached skill level 7 in Conjurations
  5600 | D:5      | HP: 6/36 [gnoll/+0 spear (8)]
  5600 | D:5      | HP: 2/36 [gnoll/+0 spear (4)]
  5600 | D:5      | Mangled by a gnoll

Vault maps used:
D:1:      matt_arrival_refuge
D:2:      kennysheep_big_flooded_room, lemuel_round_altar,
          chequers_ecumenical_altar_island, amethyst_killhole
D:3:      overflow_temple_1_default, serial_bayou_pond_d,
          kennysheep_generic_room_13
D:4:      kennysheep_slugbush, first_ration, serial_glass, glass_columns_b,
          glass_columns_a, glass_columns_a, glass_columns_a, uniq_pikel
D:5:      minmay_razor_zed, vehumet_crystals, ebering_ghost_rock_garden,
          minmay_fractal_squares_5, uniq_ijyb

Skill      XL: |  1  2  3  4  5  6  7 |
---------------+----------------------+-----
Conjurations   | 2 3 4 6 7 |  7.1
Spellcasting   | 4 6 |  6.6
Fire Magic     | 4 5 |  5.9
Dodging        | |  2.4
Stealth        | |  2.4

Action                   |  1- 3 |  4- 6 |  7- 9 || total
-------------------------+-------+-------+-------++-------
Melee: Dagger            |    34 |       |       ||    34
       Unarmed           |     1 |       |       ||     1
       Short sword       |    88 |   155 |    87 ||   330
       War axe           |       |       |    45 ||    45
 Cast: Flame Tongue      |    51 |    59 |    14 ||   124
       Sticky Flame      |       |     7 |     1 ||     8
  Use: Scroll            |     2 |     6 |       ||     8
 Stab: Sleeping          |     3 |     4 |     1 ||     8
       Distracted        |       |     1 |       ||     1
  Eat: Chunk             |     5 |     8 |     1 ||    14
       Ration            |       |       |     1 ||     1
Armor: Robe              |    24 |    68 |    40 ||   132
Dodge: Dodged            |   115 |   121 |    92 ||   328
Block: Other             |     7 |    38 |    15 ||    60
       Reflection        |       |     2 |       ||     2

Table legend:
 A = Non-vault XP
 B = Vault XP
 C = Vault XP percentage of total XP
 D = Non-vault monster count
 E = Vault monster count
 F = Vault count percentage of total count
                 A         B        C        D         E       F
            +---------+---------+-------+---------+---------+-------
      Total |     657 |     718 |  52.2 |      90 |      15 |  14.3
            +---------+---------+-------+---------+---------+-------
        D:1 |      47 |       0 |   0.0 |      26 |       0 |   0.0
        D:2 |      83 |       3 |   3.5 |      28 |       2 |   6.7
        D:3 |     116 |       4 |   3.3 |      24 |       1 |   4.0
        D:4 |     353 |     665 |  65.3 |       8 |      10 |  55.6
        D:5 |      58 |      46 |  44.2 |       4 |       2 |  33.3
            +---------+---------+-------+---------+---------+-------

Vault maps used:
D:1:      matt_arrival_refuge
D:2:      kennysheep_big_flooded_room, lemuel_round_altar,
          chequers_ecumenical_altar_island, amethyst_killhole
D:3:      overflow_temple_1_default, serial_bayou_pond_d,
          kennysheep_generic_room_13
D:4:      kennysheep_slugbush, first_ration, serial_glass, glass_columns_b,
          glass_columns_a, glass_columns_a, glass_columns_a, uniq_pikel
D:5:      minmay_razor_zed, vehumet_crystals, ebering_ghost_rock_garden,
          minmay_fractal_squares_5, uniq_ijyb

Table legend:
 A = Turns spent in this place as a percentage of turns spent in the entire game.
 B = Non-inter-level travel turns spent in this place as a percentage of non-inter-level travel turns spent in the entire game.
 C = Inter-level travel turns spent in this place as a percentage of turns spent in this place.
 D = Turns resting spent in this place as a percentage of non-inter-level travel turns spent in this place.
 E = Turns spent auto-exploring this place as a percentage of non-inter-level travel turns spent in this place.
 F = Non-inter-level travel turns spent in this place divided by the number of levels of this place that you've seen.
                   A       B       C       D       E      F
               +-------+-------+-------+-------+-------+----------------------
         Total | 100.0 | 100.0 |   3.0 |  42.2 |  34.0 | 1086.4
       Dungeon | 100.0 | 100.0 |   3.0 |  42.2 |  34.0 | 1086.4
               +-------+-------+-------+-------+-------+----------------------

Table legend:
 A = Kills in this place as a percentage of kills in entire the game.
 B = Kills by you in this place as a percentage of kills by you in the entire game.
 C = Kills by friends in this place as a percentage of kills by friends in the entire game.
 D = Other kills in this place as a percentage of other kills in the entire game.
 E = Experience gained in this place as a percentage of experience gained in the entire game.
 F = Experience gained in this place divided by the number of levels of this place that you have seen.
                   A       B       C       D       E      F
               +-------+-------+-------+-------+-------+----------------------
         Total | 100.0 | 100.0 |   N/A |   N/A | 100.0 | 275.0
       Dungeon | 100.0 | 100.0 |   N/A |   N/A | 100.0 | 275.0
               +-------+-------+-------+-------+-------+----------------------
